 Dungeon Crawl Stone Soup version 0.20.1-1-g8b1a95d (webtiles) character file.

3210 FreshCat the Fighter (level 9, -8/132 HPs)
             Began as an Ogre Berserker on July 9, 2017.
             Was an Elder of Trog.
             Mangled by a two-headed ogre
             ... wielding a +0 giant club
              (31 damage)
             ... on level 9 of the Dungeon on July 10, 2017.
             The game lasted 01:35:20 (7756 turns).

FreshCat the Fighter (Ogre Berserker)               Turns: 7756, Time: 01:35:20

Health: -8/132     AC:  5    Str: 28      XL:     9   Next: 97%
Magic:  9/9        EV: 12    Int:  9      God:    Trog [****..]
Gold:   247        SH:  0    Dex: 12 (15) Spells: 8/8 levels left

rFire    . . .     SeeInvis .   y - +5 spear of Anxiety {freeze, Dex+5}
rCold    + . .     Gourm    .   (no shield)
rNeg     . . .     Faith    .   f - +0 robe
rPois    .         Spirit   .   i - +0 hat
rElec    .         Reflect  .   (no cloak)
rCorr    .         Harm     .   (gloves unavailable)
MR       .....                  (boots unavailable)
Stlth    ..........             (no amulet)
Regen    0.4/turn               t - +3 ring of protection
MPRegen  0.2/turn               l - ring of flight

@: berserking, very quick
A: unfitting armour, hooves 1, cold resistance 1, deformed body, frail 1, tough
skin 1, subdued magic 1
a: Berserk, Trog's Hand, Brothers in Arms, Burn Spellbooks, Renounce Religion,
Evoke Flight


You were on level 9 of the Dungeon.
You worshipped Trog.
Trog was greatly pleased with you.
You were not hungry.

You visited 1 branch of the dungeon, and saw 9 of its levels.

You collected 544 gold pieces.
You spent 297 gold pieces at shops.

Inventory:

Hand Weapons
 h - a +0 shortbow
 y - the +5 spear of Anxiety (weapon) {freeze, Dex+5}
   (You found it on level 4 of the Dungeon)

   It has been specially enchanted to freeze those struck by it, causing extra
   injury to most foes and up to half again as much damage against particularly
   susceptible opponents.
   It can also slow down cold-blooded creatures.
   It affects your dexterity (+5).
 z - a +0 short sword of venom
 K - the +0 halberd of Disintegration {chop, *Contam rC+ Dex+4}
   (You bought it in a shop on level 7 of the Dungeon)

   It inflicts extra damage upon your enemies.
   It affects your dexterity (+4).
   It protects you from cold.
   It causes magical contamination when unequipped.
 M - a +1 war axe of electrocution
 P - the +3 mace "Arcanum" {antimagic, Str+3}
   (You found it on level 8 of the Dungeon)

   It reduces the magical energy of the wielder, and disrupts the spells and
   magical abilities of those hit.
   Natural abilities and divine invocations are not affected.
   It affects your strength (+3).
 Q - a +2 antimagic spear
Missiles
 d - 336 stones (quivered)
 j - 105 arrows
 o - 4 tomahawks
 F - 21 poisoned needles
Armour
 b - a +0 animal skin
 f - a +0 robe (worn)
 i - a +0 hat (worn)
Magical Staves
 H - an uncursed staff of fire {unknown}
Jewellery
 l - a ring of flight (right hand)
 t - a +3 ring of protection (left hand)
Wands
 A - a wand of digging (24/24)
 J - a wand of enslavement (16/24)
 L - a wand of digging (13/24)
 O - a wand of polymorph (11/24)
Scrolls
 e - a scroll of noise {unknown}
 k - 2 scrolls of remove curse
 n - 7 scrolls of amnesia
 q - 2 scrolls of fear {unknown}
 s - a scroll of magic mapping
 B - 2 scrolls of vulnerability {unknown}
Potions
 m - a potion of might
 p - a potion of lignification {unknown}
 u - 3 potions of curing {unknown}
 w - 2 potions of brilliance
 x - a potion of ambrosia {unknown}
 D - a potion of cancellation {unknown}
 E - 2 potions of berserk rage {unknown}
 G - 2 potions of agility
 I - a potion of invisibility {unknown}
Comestibles
 c - 4 bread rations
 g - 12 royal jellies
 r - 2 meat rations
 N - 2 fruits


   Skills:
 + Level 9.0 Fighting
 + Level 4.0(6.0) Axes
 + Level 2.9(4.3) Maces & Flails
 + Level 8.3(9.0) Polearms
 + Level 0.8 Throwing
 + Level 6.0 Dodging
 + Level 2.0 Stealth
 + Level 0.1 Evocations


You had 8 spell levels left.
You didn't know any spells.

Dungeon Overview and Level Annotations

Branches:
Dungeon (9/15)             Temple (0/1) D:6
   Lair: D:8-11         Orc: D:9-12

Altars:
Ashenzari
Elyvilon
Hepliaklqana
Kikubaaqudgha
Nemelex Xobeh
Sif Muna
Trog
Vehumet
Yredelemnul
Zin
The Shining One

Shops:
D:7 *

Annotations:
D:8 exclusion: statue


Innate Abilities, Weirdness & Mutations

You are too large for most types of armour.
You have tough skin. (AC +1)
You have large cloven feet.
Your flesh is cold resistant. (rC+)
Armour fits poorly on your strangely shaped body.
You are frail. (-10% HP)
Your spells are a little easier to cast, but a little less powerful.


Message History

A red film seems to cover your vision as you go berserk!
You feel yourself moving faster!
You feel mighty!
You feel a lot more hungry.
You are too berserk!
You puncture the two-headed ogre! You freeze the two-headed ogre.
Your kick misses the two-headed ogre.
The two-headed ogre is lightly wounded.
The two-headed ogre hits you with a giant club.
* * * LOW HITPOINT WARNING * * *
The two-headed ogre closely misses you.
You puncture the two-headed ogre! You freeze the two-headed ogre.
Your kick misses the two-headed ogre.
The two-headed ogre is heavily wounded.
The hungry ghost hits you.
You feel a lot more hungry.
You puncture the two-headed ogre! You freeze the two-headed ogre!
You kick the two-headed ogre!
The two-headed ogre is almost dead.
You closely miss the two-headed ogre.
The two-headed ogre is almost dead.
The two-headed ogre hits you with a giant club!!
You die...

.### # # # ##
.#### ..
#..... ...#
###...#
#....###....#
#.....O@.)..##
#.....W).....#
##....########
#....# #....
..## .


You could see a two-headed ogre and a hungry ghost.

Vanquished Creatures
  A hornet (D:8)
  Grinder (D:4)
  A yak (D:8)
  A hungry ghost (D:8)
  2 soldier ants (D:8)
  2 black bears
  3 sky beasts
  4 ogres
  3 centaurs (D:5)
  A big kobold (D:7)
  2 bullfrogs
  A gnoll sergeant (D:8)
  A scorpion (D:5)
  A crimson imp (D:7)
  2 quasits
  4 hounds
  3 orc priests (D:5)
  A centaur skeleton (D:5)
  2 jellies
  2 orc wizards (D:5)
  6 worker ants
  3 iguanas
  2 worker ant zombies
  12 adders
  7 gnolls
  2 shadow imps (D:5)
  2 oozes
  A worm (D:2)
  3 dart slugs
  4 leopard geckos
  20 orcs
  6 giant cockroaches
  2 gnoll zombies (D:8)
  5 goblins
  5 hobgoblins
  4 jackals (D:6)
  2 quokkas (D:2)
  3 ball pythons
  7 bats
  4 frilled lizards
  11 kobolds
  A quokka skeleton (D:5)
  A quokka zombie (D:5)
  4 rats
155 creatures vanquished.

Notes
Turn   | Place    | Note
-------+----------+-------------------------------------------
     0 | D:1      | FreshCat the Ogre Berserker began the quest for the Orb.
     0 | D:1      | Reached XP level 1. HP: 24/24 MP: 1/1
   152 | D:1      | Reached XP level 2. HP: 21/33 MP: 2/2
   638 | D:2      | Found a sparkling altar of Nemelex Xobeh.
   692 | D:2      | Reached ** piety under Trog
   692 | D:2      | Reached XP level 3. HP: 37/40 MP: 3/3
   888 | D:2      | Reached XP level 4. HP: 24/49 MP: 4/4
   999 | D:2      | Reached skill level 5 in Fighting
  2125 | D:3      | Found a glowing golden altar of the Shining One.
  2125 | D:3      | Found a white marble altar of Elyvilon.
  2125 | D:3      | Found a glowing silver altar of Zin.
  2276 | D:4      | Noticed an ogre
  2283 | D:4      | Noticed a sky beast
  2288 | D:4      | Killed an ogre
  2288 | D:4      | Reached XP level 5. HP: 59/59 MP: 5/5
  2295 | D:4      | Killed a sky beast
  2295 | D:4      | Reached XP level 6. HP: 67/67 MP: 6/6
  2301 | D:4      | Gained mutation: You tend to lose your temper in combat. [mutagenic meat]
  2302 | D:4      | Gained mutation: You have large cloven feet. [mutagenic meat]
  2303 | D:4      | Gained mutation: You are frail. (-10% HP) [mutagenic meat]
  2922 | D:4      | Got a shimmering spear
  2923 | D:4      | Identified the +5 spear of Anxiety {freeze, Dex+5} (You found it on level 4 of the Dungeon)
  2936 | D:4      | Reached skill level 6 in Fighting
  2938 | D:4      | Reached skill level 1 in Maces & Flails
  3064 | D:4      | Noticed Grinder
  3074 | D:4      | Noticed a phantom
  3106 | D:5      | Entered Level 5 of the Dungeon
  3236 | D:4      | Paralysed by Grinder for 5 turns
  3542 | D:5      | Reached *** piety under Trog
  3610 | D:5      | Reached skill level 1 in Stealth
  3610 | D:5      | Reached XP level 7. HP: 48/67 MP: 7/7
  3771 | D:5      | Found a bloodstained altar of Trog.
  3786 | D:5      | Reached skill level 1 in Polearms
  4143 | D:5      | Reached XP level 8. HP: 58/75 MP: 8/8
  4617 | D:5      | Found a sparkling altar of Nemelex Xobeh.
  4784 | D:4      | Paralysed by Grinder for 2 turns
  4801 | D:4      | Paralysed by Grinder for 6 turns
  4807 | D:4      | Killed Grinder
  4807 | D:4      | Reached skill level 7 in Fighting
  4807 | D:4      | Reached skill level 5 in Dodging
  5162 | D:6      | Found a deep blue altar of Sif Muna.
  5235 | D:6      | Reached skill level 5 in Polearms
  5275 | D:6      | Found a shattered altar of Ashenzari.
  5425 | D:6      | Found a staircase to the Ecumenical Temple.
  5520 | D:6      | Found a hazy altar of Hepliaklqana.
  5530 | D:6      | Found an ancient bone altar of Kikubaaqudgha.
  5913 | D:7      | Reached XP level 9. HP: 83/83 MP: 9/9
  5945 | D:7      | Reached **** piety under Trog
  6121 | D:7      | Found Eheat's Assorted Antiques.
  6159 | D:7      | Bought a translucent halberd for 297 gold pieces
  6159 | D:7      | Identified the cursed +0 halberd of Disintegration {chop, *Contam rC+ Dex+4} (You bought it in a shop on level 7 of the Dungeon)
  6196 | D:7      | Gained mutation: Armour fits poorly on your strangely shaped body. [mutagenic glow]
  6496 | D:8      | Reached skill level 8 in Fighting
  6514 | D:8      | Noticed a hornet
  6516 | D:8      | Killed a hornet
  7015 | D:8      | Found a radiant altar of Vehumet.
  7224 | D:8      | Got a dazzling mace
  7304 | D:8      | Found a basalt altar of Yredelemnul.
  7389 | D:8      | Received a gift from Trog
  7413 | D:8      | Identified the +3 mace "Arcanum" {antimagic, Str+3} (You found it on level 8 of the Dungeon)
  7708 | D:9      | Lost mutation: You tend to lose your temper in combat. [mutagenic meat]
  7710 | D:9      | Gained mutation: Your flesh is cold resistant. (rC+) [mutagenic meat]
  7711 | D:9      | Gained mutation: Your spells are a little easier to cast, but a little less powerful. [mutagenic meat]
  7745 | D:9      | Noticed a two-headed ogre
  7748 | D:9      | Reached skill level 9 in Fighting
  7756 | D:9      | Mangled by a two-headed ogre

Skill      XL: |  1  2  3  4  5  6  7  8  9 |
---------------+----------------------------+-----
Dodging        | 3 4 5 6 |  6.0
Fighting       | 5 6 7 9 |  9.0
Axes           | 3 4 |  4.0
Maces & Flails | 1 2 |  2.9
Stealth        | 1 2 |  2.0
Polearms       | 2 5 8 |  8.3
Throwing       | |  0.8
Evocations     | |  0.1

Action                   |  1- 3 |  4- 6 |  7- 9 || total
-------------------------+-------+-------+-------++-------
Melee: Hand axe          |    79 |    68 |       ||   147
       Spear             |       |    26 |   253 ||   279
       Giant spiked club |       |    24 |       ||    24
       Kick              |       |    12 |    73 ||    85
       Mace              |       |       |     8 ||     8
Throw: Stone             |       |     6 |     6 ||    12
Invok: Berserk           |       |     1 |     3 ||     4
       Burn Spellbooks   |       |     1 |       ||     1
Evoke: Wand              |       |       |     1 ||     1
  Use: Potion            |     1 |     1 |     4 ||     6
       Scroll            |       |     5 |     9 ||    14
 Stab: Sleeping          |       |       |     1 ||     1
  Eat: Bread ration      |       |     1 |     3 ||     4
       Meat ration       |       |     1 |     1 ||     2
       Chunk             |       |     3 |     4 ||     7
       Fruit             |       |     1 |     3 ||     4
       Royal jelly       |       |       |     1 ||     1
Armor: Animal skin       |     1 |       |       ||     1
       Robe              |    22 |    57 |    47 ||   126
Dodge: Dodged            |    39 |   100 |   132 ||   271
